 Dungeon Crawl Stone Soup version 0.16-a0-3636-gf0307c9 (webtiles) character file.

1833 Minkie the Covert (level 8, -1/52 HPs)
             Began as a Vampire Enchanter on Jan 14, 2015.
             Was a Follower of Kikubaaqudgha.
             Slain by an orc
             ... wielding a +0 war axe
              (4 damage)
             ... on level 8 of the Dungeon on Jan 15, 2015.
             The game lasted 00:34:41 (8697 turns).

Minkie the Covert (Vampire Enchanter)               Turns: 8697, Time: 00:34:41

Health: -1/52      AC: 10    Str:  9    XL:     8   Next: 86%
Magic:  2/13       EV: 13    Int: 17    God:    Kikubaaqudgha [*.....]
Gold:   446        SH:  0    Dex: 14    Spells: 3 memorised, 4 levels left

rFire  + . .     SeeInvis +     s - +3 dagger (speed)
rCold  + + .     Clarity  .     b - +1 robe
rNeg   + + +     SustAb   .     (no shield)
rPois  ∞         Gourm    .     g - +0 helmet
rElec  .         Spirit   .     u - +2 cloak
rCorr  .         Warding  .     j - +1 pair of gloves
rMut   .         Stasis   .     I - +0 pair of boots
MR     .....                    (no amulet)
Stlth  +++++.....               (no ring)
                                y - ring of protection from fire

@: very slightly contaminated, bloodless, non-regenerating, not resistant to
hostile enchantments, quite stealthy
A: bottle blood, fangs 3, see invisible, unbreathing, forlorn
a: Bat Form, Receive Corpses, Renounce Religion


You were on level 8 of the Dungeon.
You worshipped Kikubaaqudgha.
Kikubaaqudgha was aware of your devotion.
You were bloodless.

You visited 2 branches of the dungeon, and saw 9 of its levels.
You also visited: Sewer.

You collected 446 gold pieces.

Inventory:

Hand weapons
 a - the -1 dagger of Forgiveness {pierce, Contam rElec rF+ rC++ MR+ MP+9 Int-4}
   (You found it on level 8 of the Dungeon)

   It inflicts extra damage upon your enemies.
   It affects your intelligence (-4).
   It protects you from fire.
   It greatly protects you from cold.
   It insulates you from electricity.
   It affects your resistance to hostile enchantments.
   It affects your magic capacity (+9).
   It causes magical contamination when unequipped.
 s - a +3 dagger of speed (weapon)
Missiles
 f - 2 javelins of returning (quivered)
Armour
 b - a +1 robe (worn)
 g - a +0 helmet (worn)
 j - a +1 pair of gloves (worn)
 u - a +2 cloak (worn)
 I - a +0 pair of boots (worn)
Jewellery
 y - a ring of protection from fire (left hand)
Magical devices
 A - a wand of paralysis (21)
Scrolls
 e - a scroll of remove curse
 i - 4 scrolls of teleportation
 l - 2 scrolls of identify
 n - 2 scrolls of enchant armour
 q - a scroll of recharging
 z - a scroll of fog
 D - a scroll of fear
 F - a scroll of blinking
Potions
 d - 13 potions of blood
 h - 2 potions of might
 k - 3 potions of brilliance
 m - a potion of restore abilities
 p - a potion of magic
 r - 2 potions of curing {unknown}
 t - a potion of invisibility {unknown}
 x - a potion of resistance {unknown}
 C - 2 potions of agility {unknown}
 G - 2 potions of berserk rage {unknown}
 J - a potion of haste {unknown}
Books
 c - a book of Maledictions

   Spells                             Type                      Level
   a - Corona                         Hexes                        1
   b - Sure Blade                     Hexes/Charms                 2
   c - Ensorcelled Hibernation        Hexes/Ice                    2
   d - Confuse                        Hexes                        3
   e - Dazzling Spray                 Conjuration/Hexes            3
   f - Enslavement                    Hexes                        4
 o - a book of Burglary

   Spells                             Type                      Level
   a - Swiftness                      Charms/Air                   2
   b - Passwall                       Transmutation/Earth          3
   c - Passage of Golubria            Translocation                4
   d - Lee's Rapid Deconstruction     Earth                        5
   e - Invisibility                   Hexes                        6
   f - Darkness                       Hexes                        7
 H - Kikubaaqudgha's Handbook of Unholy Magic
   (Kikubaaqudgha gifted it to you on level 6 of the Dungeon)

   Spells                             Type                      Level
   a - Pain                           Necromancy                   1
   b - Corpse Rot                     Necromancy                   2
   c - Sublimation of Blood           Necromancy                   2
   d - Vampiric Draining              Necromancy                   3
   e - Control Undead                 Necromancy                   4


   Skills:
 * Level 8.0 Short Blades
 + Level 3.6 Dodging
 - Level 8.0 Stealth
 - Level 2.0 Spellcasting
 - Level 8.0 Hexes
 - Level 1.0 Charms
 + Level 3.4 Necromancy
 - Level 4.0 Ice Magic


You had 4 spell levels left.
You knew the following spells:

 Your Spells              Type           Power        Failure   Level  Hunger
b - Ensorcelled Hibernat  Hex/Ice        ###...       2%          2    ###....
c - Confuse               Hex            ####....     1%          3    ###....
d - Sure Blade            Hex/Chrm       ###.......   4%          2    ###....


Dungeon Overview and Level Annotations

Branches:
Dungeon (8/15)             Temple (1/1) D:4
   Lair: D:8-11

Altars:
Ashenzari
Cheibriados
Dithmenos
Elyvilon
Fedhas
Gozag
Kikubaaqudgha
Nemelex Xobeh
Qazlal
Sif Muna
Trog
Vehumet
Xom
Yredelemnul
Zin
The Shining One


Innate Abilities, Weirdness & Mutations

You do not heal naturally.
You can bottle blood from corpses.
You have razor-sharp teeth.
You have supernaturally acute eyesight.
You can survive without breathing.
You have difficulty communicating with the divine.


Message History

* * * LOW HITPOINT WARNING * * *
You hit the orc warrior but do no damage.
The orc warrior is lightly wounded.
The orc warrior hits you but does no damage.
You hit the orc warrior but do no damage.
The orc warrior is lightly wounded.
The orc hits you with a war axe.
* * * LOW HITPOINT WARNING * * *
You barely miss the orc warrior.
The orc warrior is lightly wounded.
The orc priest completely misses you.
You barely miss the orc warrior.
The orc warrior is lightly wounded.
The orc warrior closely misses you.
You hit the orc warrior but do no damage.
You bite the orc warrior, but do no damage.
The orc warrior is lightly wounded.
The orc hits you with a war axe.
You die...
Kikubaaqudgha rasps: "You have failed me!
Welcome... oblivion!"

# ... ## .........
.## ...........
..## .............
#..#
#.............
#..#
#..............
#..#
#..............>
..##
#....o........#
.## #....o@......#
## #.....o......#
.# # #
#...##......###..#
# ### #......#
#..# # ###.#..#
#..#### #####
####.# #..##.
####..)# #.##
#...# .......#
#..### #..##
#......## ####
##...####..#


You could see an orc warrior, an orc priest and an orc.

Vanquished Creatures
  Purgy (Sewer)
  A sky beast (D:5)
  5 ogres
  An ice beast (D:6)
  A giant frog (D:6)
  5 killer bees (D:8)
  A crimson imp (D:8)
  4 orc priests
  An iguana (D:6)
  A giant frog skeleton (D:8)
  3 hounds
  A centaur skeleton (D:5)
  An orc wizard (D:6)
  3 worker ants
  2 hound skeletons
  A hound zombie (D:7)
  A mummy (D:7)
  A worker ant zombie (D:7)
  13 adders
  4 gnolls (D:3)
  A river rat (D:5)
  3 giant mites
  2 shadow imps
  4 worms
  3 adder skeletons
  An adder zombie (D:7)
  7 giant geckos
  14 orcs
  4 ball pythons
  10 bats
  2 giant cockroaches
  11 goblins
  8 hobgoblins
  17 jackals
  4 giant newts
  18 kobolds
  A quokka (D:4)
  14 rats
175 creatures vanquished.

Notes
Turn   | Place    | Note
--------------------------------------------------------------
     0 | D:1      | Minkie, the Vampire Enchanter, began the quest for the Orb.
     0 | D:1      | Reached XP level 1. HP: 13/13 MP: 3/3
   351 | D:1      | Reached XP level 2. HP: 19/19 MP: 4/4
   364 | D:1      | Learned a level 2 spell: Ensorcelled Hibernation
  1194 | D:2      | Reached XP level 3. HP: 24/24 MP: 6/6
  1199 | D:2      | Reached skill level 5 in Hexes
  1199 | D:2      | Reached skill level 1 in Ice Magic
  1239 | D:2      | Found a blossoming altar of Fedhas.
  1240 | D:2      | Found a stormy altar of Qazlal.
  1343 | D:2      | Reached skill level 5 in Stealth
  1595 | D:2      | Reached XP level 4. HP: 30/30 MP: 5/7
  2840 | D:3      | Reached XP level 5. HP: 35/35 MP: 1/9
  3010 | D:3      | Learned a level 3 spell: Confuse
  3013 | D:3      | Learned a level 2 spell: Sure Blade
  3731 | D:4      | Reached skill level 6 in Hexes
  3993 | D:4      | Reached XP level 6. HP: 41/41 MP: 5/10
  4237 | D:4      | Noticed an ogre
  4536 | D:4      | Killed an ogre
  4554 | D:4      | Found a shimmering altar of Xom.
  4717 | D:4      | Found a staircase to the Ecumenical Temple.
  4754 | Temple   | Entered the Ecumenical Temple
  4871 | Temple   | Became a worshipper of Kikubaaqudgha
  5284 | D:5      | Entered Level 5 of the Dungeon
  5423 | D:5      | Reached skill level 5 in Short Blades
  5423 | D:5      | Reached XP level 7. HP: 43/46 MP: 6/12
  5493 | D:5      | Reached skill level 7 in Stealth
  5657 | D:5      | Found a glowing drain.
  5705 | Sewer    | Entered a sewer
  5793 | Sewer    | Noticed Purgy
  5795 | Sewer    | Killed Purgy
  6519 | D:6      | Reached skill level 8 in Stealth
  6519 | D:6      | Reached XP level 8. HP: 52/52 MP: 13/13
  6523 | D:6      | Acquired Kikubaaqudgha's first power
  6523 | D:6      | Received a gift from Kikubaaqudgha
  6526 | D:6      | Identified Kikubaaqudgha's Handbook of Unholy Magic (Kikubaaqudgha gifted it to you on level 6 of the Dungeon)
  6827 | D:6      | Found a white marble altar of Elyvilon.
  7043 | D:6      | Reached skill level 1 in Necromancy
  7052 | D:6      | Reached skill level 1 in Charms
  7192 | D:7      | Found a basalt altar of Yredelemnul.
  7816 | D:7      | Found a sparkling altar of Nemelex Xobeh.
  8271 | D:8      | Identified a scroll of acquirement
  8274 | D:8      | Got a pair of transparent gloves
  8285 | D:8      | Identified the +0 pair of gloves of the Present {rCorr MP-9} (You acquired it on level 8 of the Dungeon)
  8612 | D:8      | Got a pitted dagger
  8613 | D:8      | Identified the cursed -1 dagger of Forgiveness {pierce, Contam rElec rF+ rC++ MR+ MP+9 Int-4} (You found it on level 8 of the Dungeon)
  8643 | D:8      | Gained mutation: You have difficulty communicating with the divine. [mutagenic glow]
  8697 | D:8      | Slain by an orc

Action                   |  1- 3 |  4- 6 |  7- 9 || total
-------------------------+-------+-------+-------++-------
Melee: Dagger            |    91 |   123 |   131 ||   345
Throw: Javelin           |       |     2 |       ||     2
 Cast: Ensorcelled Hiber |    20 |    57 |    50 ||   127
       Sure Blade        |       |     2 |     3 ||     5
       Confuse           |       |     1 |    15 ||    16
  Use: Scroll            |       |     2 |    17 ||    19
       Potion            |       |     2 |       ||     2
 Stab: Sleeping          |    24 |    53 |    47 ||   124
       Confused          |       |     1 |     6 ||     7
       Distracted        |       |     1 |       ||     1
